 Dungeon Crawl Stone Soup version 0.24-a0-725-gf1a930fc54 (webtiles) character file.

Game seed: 16079345636554376763, levelgen mode: deterministic

236 Erk the Covered (level 6, 0/53 HPs)
             Began as a Hill Orc Fighter on Oct 1, 2019.
             Slain by an ogre
             ... wielding a +0 giant spiked club
              (25 damage)
             ... on level 4 of the Dungeon.
             The game lasted 00:24:09 (2368 turns).

Erk the Covered (Hill Orc Fighter)                  Turns: 2368, Time: 00:24:10

Health: 0/53       AC:  8    Str: 21    XL:     6   Next: 6%
Magic:  0/6        EV:  8    Int:  8    God:
Gold:   198        SH:  9    Dex: 10    Spells: 5/5 levels left

rFire    . . .     SeeInvis .   a - +0 war axe
rCold    . . .     Gourm    .   c - +0 shield
rNeg     . . .     Faith    .   b - +0 scale mail
rPois    .         Spirit   +   (no helmet)
rElec    .         Reflect  .   (no cloak)
rCorr    .         Harm     .   x - +0 pair of gloves
MR       .....                  (no boots)
Stlth    ..........             y - amulet of guardian spirit
HPRegen  0.17/turn              z - +1 ring of evasion
MPRegen  0.10/turn              (no ring)

@: no status effects
A: no striking features
a: no special abilities


You were on level 4 of the Dungeon.
You were not hungry.

You visited 1 branch of the dungeon, and saw 4 of its levels.

You collected 198 gold pieces.

Inventory:

Hand Weapons
 a - a +0 war axe (weapon)
 e - a +0 spear
 g - a +0 club
 q - a +0 hunting sling
Missiles
 h - 130 stones
 l - 45 bolts
 n - 81 arrows
 t - 5 poisoned darts (quivered)
Armour
 b - a +0 scale mail (worn)
 c - a +0 shield (worn)
 x - a +0 pair of gloves (worn)
Jewellery
 y - an amulet of guardian spirit (around neck)
 z - a +1 ring of evasion (left hand)
Scrolls
 m - a scroll of noise {unknown}
 o - a scroll of random uselessness {unknown}
 p - a scroll of remove curse {unknown}
 r - a scroll of teleportation {unknown}
 s - a scroll of enchant weapon {unknown}
 u - a scroll of enchant armour {unknown}
Potions
 d - 2 potions of might
 j - a potion of haste {unknown}
 k - a potion of heal wounds
 v - a potion of ambrosia {unknown}
 w - 2 potions of curing {unknown}
 A - 2 potions of lignification {unknown}
Comestibles
 f - 8 rations
 i - 3 chunks of flesh


   Skills:
 + Level 4.7 Fighting
 + Level 4.2 Axes
 * Level 5.2 Armour
 + Level 4.4 Shields


You had 5 spell levels left.
You didn't know any spells.
Your spell library was empty.

Dungeon Overview and Level Annotations

Branches:
Dungeon (4/15)
 Temple: D:4-7

Altars:


Message History

You see here a worker ant corpse.
You butcher the worker ant corpse.
i - 3 chunks of flesh (gained 1)
You feel sick.
A - 2 dark potions (gained 1)
You feel sick.
h - 130 stones (gained 17)
t - 5 poisoned darts (gained 3)
You feel sick.
You feel sick.
You are no longer poisoned.
An ogre comes into view. It is wielding a +0 giant spiked club.
The ogre shouts!
You block the ogre's attack.
The ogre hits you with a +0 giant spiked club!
A worker ant comes into view.
The worker ant twitches its antennae in your direction.
The ogre closely misses you.
The ogre hits you with a +0 giant spiked club!!
You die...

#.# #.##### ##
#.# #.#
#..#####.# #.#
.........###.#
##..........#
##..#..#####
#...#..# ....
#..# ..# #.@#
#. #.O# #..#
a..# .....
####.# #.# #.#


You could see an ogre and a worker ant.

Vanquished Creatures
  An ogre (D:3)
  An orc wizard (D:3)
  A worker ant (D:4)
  2 adders
  An ooze (D:1)
  2 worms (D:2)
  A dart slug (D:2)
  A leopard gecko (D:3)
  5 orcs
  A ball python (D:3)
  4 giant cockroaches
  11 goblins
  4 hobgoblins
  10 kobolds
  4 quokkas
  6 bats
  6 frilled lizards
  2 rats
63 creatures vanquished.

Notes
Turn   | Place    | Note
-------+----------+-------------------------------------------
     0 | D:1      | Erk the Hill Orc Fighter began the quest for the Orb.
     0 | D:1      | Reached XP level 1. HP: 19/19 MP: 1/1
    94 | D:1      | Reached XP level 2. HP: 24/27 MP: 2/2
   440 | D:1      | Reached XP level 3. HP: 33/33 MP: 3/3
   649 | D:2      | Reached skill level 4 in Armour
   908 | D:2      | Reached XP level 4. HP: 40/40 MP: 4/4
  1458 | D:3      | Noticed an ogre
  1705 | D:3      | Killed an ogre
  1705 | D:3      | Reached XP level 5. HP: 18/47 MP: 1/5
  2009 | D:3      | Reached skill level 5 in Armour
  2297 | D:4      | Reached XP level 6. HP: 32/53 MP: 4/6
  2368 | D:4      | Slain by an ogre

Levels and vault maps discovered:
D:1:      wheals_arrival_shading, layout_rooms, minmay_tiny_reverse_x
D:2:      layout_rooms, first_ration, serial_glass, glass_columns_c,
          glass_columns_b, glass_columns_c, glass_columns_a
D:3:      cheibrodos_old_hovel, layout_basic
D:4:      layout_loops_ring, nicolae_dithmenos_shadow_blocks, uniq_ijyb,
          uniq_eustachio

Skill      XL: |  1  2  3  4  5 |
---------------+----------------+-----
Axes           | 3 4 |  4.2
Fighting       | 4 |  4.7
Armour         | 4 5 |  5.2
Shields        | 4 |  4.4

Action                   |  1- 3 |  4- 6 || total
-------------------------+-------+-------++-------
Melee: War axe           |   120 |   121 ||   241
Throw: Dart              |     5 |     8 ||    13
  Use: Scroll            |       |     3 ||     3
       Potion            |       |     1 ||     1
  Eat: Chunk             |       |     5 ||     5
Armor: Scale mail        |    44 |    39 ||    83
Dodge: Dodged            |    35 |    40 ||    75
Block: Shield            |    68 |    64 ||   132

Table legend:
 A = Non-vault XP
 B = Vault XP
 C = Vault XP percentage of total XP
 D = Non-vault monster count
 E = Vault monster count
 F = Vault count percentage of total count
                 A         B        C        D         E       F
            +---------+---------+-------+---------+---------+-------
      Total |     328 |      10 |   3.0 |      60 |       3 |   4.8
            +---------+---------+-------+---------+---------+-------
        D:1 |      25 |       9 |  26.5 |      14 |       2 |  12.5
        D:2 |      56 |       0 |   0.0 |      22 |       0 |   0.0
        D:3 |     209 |       1 |   0.5 |      20 |       1 |   4.8
        D:4 |      38 |       0 |   0.0 |       4 |       0 |   0.0
            +---------+---------+-------+---------+---------+-------
